 Dungeon Crawl Stone Soup version 0.28-a0-48-gfd831c5874 (webtiles) character file.

Game seed: 4192724900148168057

494 lunkers the Magician (level 7, -5/45 HPs)
             Began as a Djinni Earth Elementalist on July 29, 2021.
             Hit by a boomerang thrown by a gnoll (8 damage)
             ... on level 4 of the Dungeon.
             The game lasted 00:06:29 (5266 turns).

lunkers the Magician (Djinni Earth Elementalist)    Turns: 5266, Time: 00:06:30

Health: -5/45      AC:  2    Str:  7    XL:     7   Next: 38%
Gold:   133        EV: 12    Int: 18    God:
                   SH:  0    Dex: 14

rFire   + + +      SeeInvis .   o - staff of death
rCold   x . .      Faith    .   (no shield)
rNeg    + . .      Spirit   .   b - +0 robe
rPois   ∞          Reflect  .   (no helmet)
rElec   .          Harm     .   (no cloak)
rCorr   .          Rampage  .   (no gloves)
Will    .....                   (boots unavailable)
Stlth   ++........              (no amulet)
HPRegen 0.15/turn               m - ring of protection from fire
MPRegen 0.00/turn               (no ring)

@: flying
A: sickness immunity, fire resistance 2, cold vulnerability 1, float, innate
caster, hp casting, extra vitality 1
a: no special abilities


You were on level 4 of the Dungeon.
You visited 1 branch of the dungeon, and saw 5 of its levels.

You collected 133 gold pieces.

Inventory:

Hand Weapons
 p - a +2 vampiric dagger
Armour
 b - a +0 robe (worn)
 t - a +2 kite shield
Magical Staves
 o - a staff of death (weapon)
Jewellery
 m - a ring of protection from fire (left hand)
 s - an amulet of faith
Wands
 k - a wand of polymorph (6)
Scrolls
 a - 2 scrolls of teleportation {unknown}
 c - 2 scrolls of fear {unknown}
 d - 4 scrolls of identify {unknown}
 e - a scroll of enchant weapon {unknown}
 g - 3 scrolls of magic mapping {unknown}
 h - 3 scrolls of amnesia {unknown}
Potions
 f - 2 potions of degeneration {unknown}
 i - a potion of curing {unknown}
 j - a potion of invisibility {unknown}
 l - a potion of attraction {unknown}
 n - a potion of magic {unknown}
 q - 2 potions of lignification {unknown}
 r - 2 potions of heal wounds {unknown}


   Skills:
 - Level 2.1 Dodging
 - Level 1.5 Stealth
 * Level 6.1 Spellcasting


You had 2 spell levels left.
You knew the following spells:

 Your Spells              Type           Power      Damage    Failure   Level
a - Stone Arrow           Conj/Erth      54%        3d10      2%          3
b - Passwall              Tmut/Erth      22%        N/A       1%          2
c - Sandblast             Erth           54%        2d13      1%          1
d - Petrify               Tmut/Erth      27%        N/A       10%         4
e - Sting                 Tmut/Pois      100%       1d8       1%          1
f - Poisonous Vapours     Pois/Air       54%        N/A       1%          2
g - Tukima's Dance        Hex            27%        N/A       2%          3
Your spell library was empty.

Dungeon Overview and Level Annotations

Branches:
Dungeon (5/15)
 Temple: D:4-7

Altars:
Nemelex Xobeh
Qazlal
Sif Muna
The Shining One

Shops:
D:3 [

Annotations:
D:3 Edmund


Innate Abilities, Weirdness & Mutations

You are immune to sickness and miasma.
You are immune to poison.
Your flesh is very heat resistant. (rF++)
You are vulnerable to cold. (rC-)
You float through the air rather than walking.
You learn spells naturally, not from books.
Your magical power is your life essence.
You have superior vitality. (+4 HP)


Message History

Confirm with . or Enter, or press ? or * to list all spells.
The stone arrow hits the iguana!
You kill the iguana!
Casting: Stone Arrow (dangerous; 2% risk of failure)
Confirm with . or Enter, or press ? or * to list all spells.
The stone arrow misses the gnoll. x2
A black bear comes into view.
A white imp comes into view.
Casting: Stone Arrow (dangerous; 2% risk of failure)
Confirm with . or Enter, or press ? or * to list all spells.
The stone arrow hits the gnoll!
The gnoll is heavily wounded.
The white imp shouts, "Get thee hence, thou hateful ditch-delivered gnoll-tail!"
The gnoll closely misses you.
The gnoll hits you from afar with a +0 halberd!
* * * LOW HITPOINT WARNING * * *
The white imp gestures at you. The puff of frost hits you!
You feel a terrible chill!
* * * LOW HITPOINT WARNING * * *
The gnoll hits you from afar with a +0 halberd.
* * * LOW HITPOINT WARNING * * *
You fly upwards.
There is a stone staircase leading down here.
Unknown command.
Casting: Stone Arrow (dangerous; 2% risk of failure)
Confirm with . or Enter, or press ? or * to list all spells.
Aiming: Stone Arrow (dangerous; 2% risk of failure)
Press: ? - help, Shift-Dir - straight line, f - gnoll
Aim: a gnoll, wielding a +0 flail and quivering boomerangs (heavily wounded, 75% to hit)
The stone arrow misses the gnoll.
* * * LOW HITPOINT WARNING * * *
The gnoll hits you with a +0 flail.
* * * LOW HITPOINT WARNING * * *
Casting: Stone Arrow (dangerous; 2% risk of failure)
Confirm with . or Enter, or press ? or * to list all spells.
You don't have enough health to cast this spell.
Unknown command.
Unknown command.
Unknown command.
The gnoll throws a boomerang.
The boomerang hits you!
You die...

....## ##.......#..# ...##
##(.......#..## ....##
#..........#..##
#....###..>.......#...####
.......##................######
........#...........####......#
#......:............# ####...#
#...<...............# ##.##
##......##......@...# ###
#.....###......>...# ##...##
##.....g...# #...# #.........#
#...# ##........## #...#
##........# #.###
#.##.....########## #.#
####..............## #.#
##...............#


You could see a gnoll.

Vanquished Creatures
  A phantom (D:4)
  A scorpion (D:5)
  A hound (D:4)
  2 jellies
  Jessica (D:2)
  An iguana (D:5)
  Natasha (twice) (D:4)
  An orc wizard (D:4)
  A hound zombie (D:5)
  2 gnolls (D:5)
  3 adders
  An adder skeleton (D:4)
  A worm (D:2)
  3 dart slugs
  3 orcs
  7 endoplasms
  5 giant cockroaches
  7 goblins
  3 hobgoblins
  8 jackals
  3 quokkas
  2 ball pythons (D:1)
  3 bats
  A frilled lizard (D:3)
  5 kobolds
  3 rats
71 creatures vanquished.

Notes
Turn   | Place    | Note
-------+----------+-------------------------------------------
     0 | D:1      | lunkers the Djinni Earth Elementalist began the quest for
                  | the Orb.
     0 | D:1      | Reached XP level 1. HP: 15/15 MP: 0/0
   219 | D:1      | Reached XP level 2. HP: 20/21 MP: 0/0
   353 | D:1      | Reached skill level 3 in Spellcasting
   537 | D:1      | Reached XP level 3. HP: 22/25 MP: 0/0
   537 | D:1      | Learned a level 1 spell: Sting
  1480 | D:2      | Noticed Jessica
  1586 | D:2      | Found a stormy altar of Qazlal.
  1640 | D:2      | Killed Jessica
  1641 | D:2      | Reached XP level 4. HP: 23/31 MP: 0/0
  1886 | D:3      | Found Uriqynov's Antique Armour Shoppe.
  2277 | D:3      | Reached skill level 4 in Spellcasting
  2471 | D:3      | Reached XP level 5. HP: 24/35 MP: 0/0
  2471 | D:3      | Learned a level 2 spell: Poisonous Vapours
  2994 | D:4      | Noticed a phantom
  3007 | D:4      | Killed a phantom
  3481 | D:4      | Found a glowing golden altar of the Shining One.
  3523 | D:4      | Reached XP level 6. HP: 37/40 MP: 0/0
  3652 | D:4      | Reached skill level 5 in Spellcasting
  3934 | D:4      | Noticed Edmund
  4370 | D:4      | Found a sparkling altar of Nemelex Xobeh.
  4659 | D:5      | Entered Level 5 of the Dungeon
  4715 | D:5      | HP: 2/40 [gnoll (4)]
  5017 | D:5      | Noticed a black bear
  5043 | D:4      | Noticed Natasha
  5046 | D:4      | Killed Natasha
  5047 | D:4      | Reached XP level 7. HP: 29/45 MP: 0/0
  5047 | D:4      | Learned a level 3 spell: Tukima's Dance
  5096 | D:4      | Noticed Natasha
  5101 | D:4      | Killed Natasha
  5249 | D:5      | Reached skill level 6 in Spellcasting
  5265 | D:4      | HP: 2/45 [gnoll (5)]
  5266 | D:4      | Hit by a boomerang thrown by a gnoll

Illustrated notes

Levels and vault maps discovered:
D:1:      matt_arrival_grand_opening, layout_basic
D:2:      layout_basic, basic_altar, hangedman_decor_push, uniq_jessica
D:3:      layout_basic, tgw_sif, serial_shops, shop, minmay_misc_feat_hallway
D:4:      layout_cave_pods, amcnicky_altar_gilded, mainiacjoe_overflow_alcove_1,
          uniq_natasha, uniq_edmund
D:5:      layout_rooms

Skill      XL: |  1  2  3  4  5  6  7 |
---------------+----------------------+-----
Spellcasting   | 3 4 5 6 |  6.1
Dodging        | |  2.1
Stealth        | |  1.5

Action                   |  1- 3 |  4- 6 |  7- 9 || total
-------------------------+-------+-------+-------++-------
Melee: Staff             |       |     5 |       ||     5
 Cast: Sandblast         |    48 |    36 |       ||    84
       Stone Arrow       |       |    29 |     7 ||    36
Armor: Robe              |     1 |     3 |       ||     4
Dodge: Dodged            |    11 |    25 |     6 ||    42

Table legend: (Time is in decaauts)
 A = Elapsed time spent in this place.
 B = Non-inter-level travel time spent in this place.
 C = Inter-level travel time spent in this place.
 D = Time resting spent in this place.
 E = Time spent auto-exploring this place.
 F = Levels seen in this place.
 G = Mean time per level.
                   A        B        C        D        E       F      G
               +--------+--------+--------+--------+--------+-----+--------+
         Total |   5270 |   5150 |    120 |    608 |   3768 |   5 | 1054.0 |
       Dungeon |   5270 |   5150 |    120 |    608 |   3768 |   5 | 1054.0 |
               +--------+--------+--------+--------+--------+-----+--------+

Top non-repeatable levels by time:
     D:4: 2022 daAuts
     D:1: 1129 daAuts
     D:3: 1039 daAuts
     D:2: 955 daAuts
     D:5: 124 daAuts
